%YAML 1.1
%TAG !u! tag:unity3d.com,2011:
--- !u!1 &1925408617104068645
GameObject:
  m_ObjectHideFlags: 0
  m_CorrespondingSourceObject: {fileID: 0}
  m_PrefabInstance: {fileID: 0}
  m_PrefabAsset: {fileID: 0}
  serializedVersion: 6
  m_Component:
  - component: {fileID: 1925408617104068644}
  - component: {fileID: 1925408617104068646}
  - component: {fileID: 1925408617104068647}
  m_Layer: 5
  m_Name: Score
  m_TagString: Untagged
  m_Icon: {fileID: 0}
  m_NavMeshLayer: 0
  m_StaticEditorFlags: 0
  m_IsActive: 1
--- !u!224 &1925408617104068644
RectTransform:
  m_ObjectHideFlags: 0
  m_CorrespondingSourceObject: {fileID: 0}
  m_PrefabInstance: {fileID: 0}
  m_PrefabAsset: {fileID: 0}
  m_GameObject: {fileID: 1925408617104068645}
  m_LocalRotation: {x: 0, y: 0, z: 0, w: 1}
  m_LocalPosition: {x: 0, y: 0, z: 0}
  m_LocalScale: {x: 1, y: 1, z: 1}
  m_Children: []
  m_Father: {fileID: 1925408617467045052}
  m_RootOrder: 0
  m_LocalEulerAnglesHint: {x: 0, y: 0, z: 0}
  m_AnchorMin: {x: 0.5, y: 0.5}
  m_AnchorMax: {x: 0.5, y: 0.5}
  m_AnchoredPosition: {x: 0, y: 0.35}
  m_SizeDelta: {x: 3, y: 3}
  m_Pivot: {x: 0.5, y: 0.5}
--- !u!222 &1925408617104068646
CanvasRenderer:
  m_ObjectHideFlags: 0
  m_CorrespondingSourceObject: {fileID: 0}
  m_PrefabInstance: {fileID: 0}
  m_PrefabAsset: {fileID: 0}
  m_GameObject: {fileID: 1925408617104068645}
  m_CullTransparentMesh: 0
--- !u!114 &1925408617104068647
MonoBehaviour:
  m_ObjectHideFlags: 0
  m_CorrespondingSourceObject: {fileID: 0}
  m_PrefabInstance: {fileID: 0}
  m_PrefabAsset: {fileID: 0}
  m_GameObject: {fileID: 1925408617104068645}
  m_Enabled: 1
  m_EditorHideFlags: 0
  m_Script: {fileID: 11500000, guid: f4688fdb7df04437aeb418b961361dc5, type: 3}
  m_Name: 
  m_EditorClassIdentifier: 
  m_Material: {fileID: 0}
  m_Color: {r: 1, g: 1, b: 1, a: 1}
  m_RaycastTarget: 1
  m_OnCullStateChanged:
    m_PersistentCalls:
      m_Calls: []
  m_text: 25
  m_isRightToLeft: 0
  m_fontAsset: {fileID: 11400000, guid: 8f586378b4e144a9851e7b34d9b748ee, type: 2}
  m_sharedMaterial: {fileID: 2180264, guid: 8f586378b4e144a9851e7b34d9b748ee, type: 2}
  m_fontSharedMaterials: []
  m_fontMaterial: {fileID: 0}
  m_fontMaterials: []
  m_fontColor32:
    serializedVersion: 2
    rgba: 4294967295
  m_fontColor: {r: 1, g: 1, b: 1, a: 1}
  m_enableVertexGradient: 0
  m_colorMode: 3
  m_fontColorGradient:
    topLeft: {r: 1, g: 1, b: 1, a: 1}
    topRight: {r: 1, g: 1, b: 1, a: 1}
    bottomLeft: {r: 1, g: 1, b: 1, a: 1}
    bottomRight: {r: 1, g: 1, b: 1, a: 1}
  m_fontColorGradientPreset: {fileID: 0}
  m_spriteAsset: {fileID: 0}
  m_tintAllSprites: 0
  m_overrideHtmlColors: 0
  m_faceColor:
    serializedVersion: 2
    rgba: 4294967295
  m_outlineColor:
    serializedVersion: 2
    rgba: 4278190080
  m_fontSize: 1.8
  m_fontSizeBase: 1.8
  m_fontWeight: 400
  m_enableAutoSizing: 0
  m_fontSizeMin: 18
  m_fontSizeMax: 72
  m_fontStyle: 0
  m_textAlignment: 514
  m_characterSpacing: 0
  m_wordSpacing: 0
  m_lineSpacing: 0
  m_lineSpacingMax: 0
  m_paragraphSpacing: 0
  m_charWidthMaxAdj: 0
  m_enableWordWrapping: 1
  m_wordWrappingRatios: 0.4
  m_overflowMode: 0
  m_firstOverflowCharacterIndex: -1
  m_linkedTextComponent: {fileID: 0}
  m_isLinkedTextComponent: 0
  m_isTextTruncated: 0
  m_enableKerning: 1
  m_enableExtraPadding: 0
  checkPaddingRequired: 0
  m_isRichText: 1
  m_parseCtrlCharacters: 1
  m_isOrthographic: 1
  m_isCullingEnabled: 0
  m_ignoreRectMaskCulling: 0
  m_ignoreCulling: 1
  m_horizontalMapping: 0
  m_verticalMapping: 0
  m_uvLineOffset: 0
  m_geometrySortingOrder: 0
  m_VertexBufferAutoSizeReduction: 1
  m_firstVisibleCharacter: 0
  m_useMaxVisibleDescender: 1
  m_pageToDisplay: 1
  m_margin: {x: 0, y: 0, z: 0, w: 0}
  m_textInfo:
    textComponent: {fileID: 1925408617104068647}
    characterCount: 2
    spriteCount: 0
    spaceCount: 0
    wordCount: 1
    linkCount: 0
    lineCount: 1
    pageCount: 1
    materialCount: 1
  m_isUsingLegacyAnimationComponent: 0
  m_isVolumetricText: 0
  m_spriteAnimator: {fileID: 0}
  m_hasFontAssetChanged: 0
  m_subTextObjects:
  - {fileID: 0}
  - {fileID: 0}
  - {fileID: 0}
  - {fileID: 0}
  - {fileID: 0}
  - {fileID: 0}
  - {fileID: 0}
  - {fileID: 0}
  m_baseMaterial: {fileID: 0}
  m_maskOffset: {x: 0, y: 0, z: 0, w: 0}
--- !u!1 &1925408617230336976
GameObject:
  m_ObjectHideFlags: 0
  m_CorrespondingSourceObject: {fileID: 0}
  m_PrefabInstance: {fileID: 0}
  m_PrefabAsset: {fileID: 0}
  serializedVersion: 6
  m_Component:
  - component: {fileID: 1925408617230336971}
  - component: {fileID: 1925408617230336968}
  - component: {fileID: 1925408617230336969}
  - component: {fileID: 1925408617230336974}
  - component: {fileID: 1925408617230336975}
  - component: {fileID: 1925408617230336972}
  - component: {fileID: 1925408617230336978}
  - component: {fileID: 1925408617230336979}
  m_Layer: 0
  m_Name: CubePlayer
  m_TagString: Player
  m_Icon: {fileID: 0}
  m_NavMeshLayer: 0
  m_StaticEditorFlags: 0
  m_IsActive: 1
--- !u!4 &1925408617230336971
Transform:
  m_ObjectHideFlags: 0
  m_CorrespondingSourceObject: {fileID: 0}
  m_PrefabInstance: {fileID: 0}
  m_PrefabAsset: {fileID: 0}
  m_GameObject: {fileID: 1925408617230336976}
  m_LocalRotation: {x: 0, y: 0, z: 0, w: 1}
  m_LocalPosition: {x: 0, y: 1.41, z: -38}
  m_LocalScale: {x: 2.5, y: 2.5, z: 2.5}
  m_Children:
  - {fileID: 1925408618611459986}
  - {fileID: 1925408618099355845}
  - {fileID: 1925408617496178806}
  - {fileID: 1925408617533139870}
  - {fileID: 1925408617505960145}
  - {fileID: 1925408618008176358}
  - {fileID: 1925408617467045052}
  - {fileID: 1925408618430343010}
  m_Father: {fileID: 0}
  m_RootOrder: 0
  m_LocalEulerAnglesHint: {x: 0, y: 0, z: 0}
--- !u!33 &1925408617230336968
MeshFilter:
  m_ObjectHideFlags: 0
  m_CorrespondingSourceObject: {fileID: 0}
  m_PrefabInstance: {fileID: 0}
  m_PrefabAsset: {fileID: 0}
  m_GameObject: {fileID: 1925408617230336976}
  m_Mesh: {fileID: 10202, guid: 0000000000000000e000000000000000, type: 0}
--- !u!23 &1925408617230336969
MeshRenderer:
  m_ObjectHideFlags: 0
  m_CorrespondingSourceObject: {fileID: 0}
  m_PrefabInstance: {fileID: 0}
  m_PrefabAsset: {fileID: 0}
  m_GameObject: {fileID: 1925408617230336976}
  m_Enabled: 1
  m_CastShadows: 1
  m_ReceiveShadows: 1
  m_DynamicOccludee: 1
  m_MotionVectors: 1
  m_LightProbeUsage: 1
  m_ReflectionProbeUsage: 1
  m_RayTracingMode: 2
  m_RenderingLayerMask: 1
  m_RendererPriority: 0
  m_Materials:
  - {fileID: 2100000, guid: a13a2d18ed940504caa9594691257ea5, type: 2}
  m_StaticBatchInfo:
    firstSubMesh: 0
    subMeshCount: 0
  m_StaticBatchRoot: {fileID: 0}
  m_ProbeAnchor: {fileID: 0}
  m_LightProbeVolumeOverride: {fileID: 0}
  m_ScaleInLightmap: 1
  m_ReceiveGI: 1
  m_PreserveUVs: 0
  m_IgnoreNormalsForChartDetection: 0
  m_ImportantGI: 0
  m_StitchLightmapSeams: 1
  m_SelectedEditorRenderState: 3
  m_MinimumChartSize: 4
  m_AutoUVMaxDistance: 0.5
  m_AutoUVMaxAngle: 89
  m_LightmapParameters: {fileID: 0}
  m_SortingLayerID: 0
  m_SortingLayer: 0
  m_SortingOrder: 0
--- !u!65 &1925408617230336974
BoxCollider:
  m_ObjectHideFlags: 0
  m_CorrespondingSourceObject: {fileID: 0}
  m_PrefabInstance: {fileID: 0}
  m_PrefabAsset: {fileID: 0}
  m_GameObject: {fileID: 1925408617230336976}
  m_Material: {fileID: 0}
  m_IsTrigger: 0
  m_Enabled: 1
  serializedVersion: 2
  m_Size: {x: 1, y: 1, z: 1}
  m_Center: {x: 0, y: 0, z: 0}
--- !u!114 &1925408617230336975
MonoBehaviour:
  m_ObjectHideFlags: 0
  m_CorrespondingSourceObject: {fileID: 0}
  m_PrefabInstance: {fileID: 0}
  m_PrefabAsset: {fileID: 0}
  m_GameObject: {fileID: 1925408617230336976}
  m_Enabled: 1
  m_EditorHideFlags: 0
  m_Script: {fileID: 11500000, guid: eaf0f864d45c3684bafa7ad3d50b0ffd, type: 3}
  m_Name: 
  m_EditorClassIdentifier: 
--- !u!114 &1925408617230336972
MonoBehaviour:
  m_ObjectHideFlags: 0
  m_CorrespondingSourceObject: {fileID: 0}
  m_PrefabInstance: {fileID: 0}
  m_PrefabAsset: {fileID: 0}
  m_GameObject: {fileID: 1925408617230336976}
  m_Enabled: 1
  m_EditorHideFlags: 0
  m_Script: {fileID: 11500000, guid: a21fd30e40c25f24998e8a069e785c67, type: 3}
  m_Name: 
  m_EditorClassIdentifier: 
  isRunning: 0
  leftParticle: {fileID: 1925408618084169877}
  rightParticle: {fileID: 1925408617482008614}
  rightWallParticle: {fileID: 1925408617517917134}
  leftWallParticle: {fileID: 1925408617486579841}
  hookParticle: {fileID: 1925408617993007008}
  deathExplosion: {fileID: 1925408618416303060}
  speedText: {fileID: 1925408617104068647}
  kmh: {fileID: 0}
  speed: {x: 0, y: 0, z: 0}
  actualSpeed: 35
  forwardSpeed: 40
  sideSpeed: 0
  maxSideSpeed: 10
  jumpForce: 25
  verticalVelocity: 0
  increasingSpeed: 5
  decreasingSpeed: 0.2
  gravity: 40
  wallGravity: 10
  canWallRun: 0
  isWallRunning: 0
  wallRunningPosition: {x: 0, y: 0, z: 0}
  wallRunningSide: 
  wallRunGravity: 0
  canHook: 0
  isHooking: 0
  hookSpot: {x: 0, y: 0, z: 0}
  yCurve: 0
  bgMusic: {fileID: 8300000, guid: dd146e99d10a195488ef847021e06a7f, type: 3}
  hook: {fileID: 1925408618611459986}
  p0: {x: 0, y: 0, z: 0}
  p1: {x: 0, y: 0, z: 0}
  p2: {x: 0, y: 0, z: 0}
  middle: {x: 0, y: 0, z: 0}
  sym: {x: 0, y: 0, z: 0}
  tParam: 0
  tSpeed: 0.3
  paramSets: 0
  distance: 0
  LR: {fileID: 1925408617230336978}
--- !u!120 &1925408617230336978
LineRenderer:
  m_ObjectHideFlags: 0
  m_CorrespondingSourceObject: {fileID: 0}
  m_PrefabInstance: {fileID: 0}
  m_PrefabAsset: {fileID: 0}
  m_GameObject: {fileID: 1925408617230336976}
  m_Enabled: 1
  m_CastShadows: 1
  m_ReceiveShadows: 1
  m_DynamicOccludee: 1
  m_MotionVectors: 0
  m_LightProbeUsage: 0
  m_ReflectionProbeUsage: 0
  m_RayTracingMode: 0
  m_RenderingLayerMask: 1
  m_RendererPriority: 0
  m_Materials:
  - {fileID: 2100000, guid: 616abf1eda040f149ad5371b9dfeb3e1, type: 2}
  m_StaticBatchInfo:
    firstSubMesh: 0
    subMeshCount: 0
  m_StaticBatchRoot: {fileID: 0}
  m_ProbeAnchor: {fileID: 0}
  m_LightProbeVolumeOverride: {fileID: 0}
  m_ScaleInLightmap: 1
  m_ReceiveGI: 1
  m_PreserveUVs: 0
  m_IgnoreNormalsForChartDetection: 0
  m_ImportantGI: 0
  m_StitchLightmapSeams: 1
  m_SelectedEditorRenderState: 3
  m_MinimumChartSize: 4
  m_AutoUVMaxDistance: 0.5
  m_AutoUVMaxAngle: 89
  m_LightmapParameters: {fileID: 0}
  m_SortingLayerID: 0
  m_SortingLayer: 0
  m_SortingOrder: 0
  m_Positions:
  - {x: 0, y: 0, z: 0}
  - {x: 0, y: 0, z: 1}
  m_Parameters:
    serializedVersion: 3
    widthMultiplier: 0.1
    widthCurve:
      serializedVersion: 2
      m_Curve:
      - serializedVersion: 3
        time: 0.12894058
        value: 0.69480515
        inSlope: 0
        outSlope: 0
        tangentMode: 0
        weightedMode: 0
        inWeight: 0.33333334
        outWeight: 0.33333334
      - serializedVersion: 3
        time: 0.38681948
        value: 0.8701299
        inSlope: 0
        outSlope: 0
        tangentMode: 0
        weightedMode: 0
        inWeight: 0
        outWeight: 0
      - serializedVersion: 3
        time: 0.6934098
        value: 0.5194805
        inSlope: 0
        outSlope: 0
        tangentMode: 0
        weightedMode: 0
        inWeight: 0
        outWeight: 0
      - serializedVersion: 3
        time: 1
        value: 0.9805195
        inSlope: 0
        outSlope: 0
        tangentMode: 0
        weightedMode: 0
        inWeight: 0
        outWeight: 0
      m_PreInfinity: 2
      m_PostInfinity: 2
      m_RotationOrder: 4
    colorGradient:
      serializedVersion: 2
      key0: {r: 1, g: 1, b: 1, a: 1}
      key1: {r: 1, g: 1, b: 1, a: 1}
      key2: {r: 0, g: 0, b: 0, a: 0}
      key3: {r: 0, g: 0, b: 0, a: 0}
      key4: {r: 0, g: 0, b: 0, a: 0}
      key5: {r: 0, g: 0, b: 0, a: 0}
      key6: {r: 0, g: 0, b: 0, a: 0}
      key7: {r: 0, g: 0, b: 0, a: 0}
      ctime0: 0
      ctime1: 65535
      ctime2: 0
      ctime3: 0
      ctime4: 0
      ctime5: 0
      ctime6: 0
      ctime7: 0
      atime0: 0
      atime1: 65535
      atime2: 0
      atime3: 0
      atime4: 0
      atime5: 0
      atime6: 0
      atime7: 0
      m_Mode: 0
      m_NumColorKeys: 2
      m_NumAlphaKeys: 2
    numCornerVertices: 0
    numCapVertices: 0
    alignment: 0
    textureMode: 0
    shadowBias: 0.5
    generateLightingData: 0
  m_UseWorldSpace: 1
  m_Loop: 0
--- !u!143 &1925408617230336979
CharacterController:
  m_ObjectHideFlags: 0
  m_CorrespondingSourceObject: {fileID: 0}
  m_PrefabInstance: {fileID: 0}
  m_PrefabAsset: {fileID: 0}
  m_GameObject: {fileID: 1925408617230336976}
  m_Material: {fileID: 0}
  m_IsTrigger: 0
  m_Enabled: 1
  serializedVersion: 2
  m_Height: 1
  m_Radius: 0.5
  m_SlopeLimit: 45
  m_StepOffset: 0.3
  m_SkinWidth: 0.08
  m_MinMoveDistance: 0.001
  m_Center: {x: 0, y: 0, z: 0}
--- !u!1 &1925408617467045053
GameObject:
  m_ObjectHideFlags: 0
  m_CorrespondingSourceObject: {fileID: 0}
  m_PrefabInstance: {fileID: 0}
  m_PrefabAsset: {fileID: 0}
  serializedVersion: 6
  m_Component:
  - component: {fileID: 1925408617467045052}
  - component: {fileID: 1925408617467045049}
  - component: {fileID: 1925408617467045055}
  m_Layer: 5
  m_Name: Canvas
  m_TagString: Untagged
  m_Icon: {fileID: 0}
  m_NavMeshLayer: 0
  m_StaticEditorFlags: 0
  m_IsActive: 1
--- !u!224 &1925408617467045052
RectTransform:
  m_ObjectHideFlags: 0
  m_CorrespondingSourceObject: {fileID: 0}
  m_PrefabInstance: {fileID: 0}
  m_PrefabAsset: {fileID: 0}
  m_GameObject: {fileID: 1925408617467045053}
  m_LocalRotation: {x: -0, y: -0, z: -0, w: 1}
  m_LocalPosition: {x: 0, y: 0, z: -0.52}
  m_LocalScale: {x: 0.4, y: 0.4, z: 0.4}
  m_Children:
  - {fileID: 1925408617104068644}
  - {fileID: 1925408618563713463}
  m_Father: {fileID: 1925408617230336971}
  m_RootOrder: 6
  m_LocalEulerAnglesHint: {x: 0, y: 0, z: 0}
  m_AnchorMin: {x: 0, y: 0}
  m_AnchorMax: {x: 0, y: 0}
  m_AnchoredPosition: {x: 0, y: 0}
  m_SizeDelta: {x: 480, y: 800}
  m_Pivot: {x: 0.5, y: 0.5}
--- !u!223 &1925408617467045049
Canvas:
  m_ObjectHideFlags: 0
  m_CorrespondingSourceObject: {fileID: 0}
  m_PrefabInstance: {fileID: 0}
  m_PrefabAsset: {fileID: 0}
  m_GameObject: {fileID: 1925408617467045053}
  m_Enabled: 1
  serializedVersion: 3
  m_RenderMode: 2
  m_Camera: {fileID: 0}
  m_PlaneDistance: 100
  m_PixelPerfect: 0
  m_ReceivesEvents: 1
  m_OverrideSorting: 0
  m_OverridePixelPerfect: 0
  m_SortingBucketNormalizedSize: 0
  m_AdditionalShaderChannelsFlag: 25
  m_SortingLayerID: 0
  m_SortingOrder: 0
  m_TargetDisplay: 0
--- !u!114 &1925408617467045055
MonoBehaviour:
  m_ObjectHideFlags: 0
  m_CorrespondingSourceObject: {fileID: 0}
  m_PrefabInstance: {fileID: 0}
  m_PrefabAsset: {fileID: 0}
  m_GameObject: {fileID: 1925408617467045053}
  m_Enabled: 1
  m_EditorHideFlags: 0
  m_Script: {fileID: 11500000, guid: dc42784cf147c0c48a680349fa168899, type: 3}
  m_Name: 
  m_EditorClassIdentifier: 
  m_IgnoreReversedGraphics: 1
  m_BlockingObjects: 0
  m_BlockingMask:
    serializedVersion: 2
    m_Bits: 4294967295
--- !u!1 &1925408618563713460
GameObject:
  m_ObjectHideFlags: 0
  m_CorrespondingSourceObject: {fileID: 0}
  m_PrefabInstance: {fileID: 0}
  m_PrefabAsset: {fileID: 0}
  serializedVersion: 6
  m_Component:
  - component: {fileID: 1925408618563713463}
  - component: {fileID: 1925408618563713457}
  - component: {fileID: 1925408618563713462}
  m_Layer: 5
  m_Name: Text (TMP) (1)
  m_TagString: Untagged
  m_Icon: {fileID: 0}
  m_NavMeshLayer: 0
  m_StaticEditorFlags: 0
  m_IsActive: 1
--- !u!224 &1925408618563713463
RectTransform:
  m_ObjectHideFlags: 0
  m_CorrespondingSourceObject: {fileID: 0}
  m_PrefabInstance: {fileID: 0}
  m_PrefabAsset: {fileID: 0}
  m_GameObject: {fileID: 1925408618563713460}
  m_LocalRotation: {x: 0, y: 0, z: 0, w: 1}
  m_LocalPosition: {x: 0, y: 0, z: 0}
  m_LocalScale: {x: 1, y: 1, z: 1}
  m_Children: []
  m_Father: {fileID: 1925408617467045052}
  m_RootOrder: 1
  m_LocalEulerAnglesHint: {x: 0, y: 0, z: 0}
  m_AnchorMin: {x: 0.5, y: 0.5}
  m_AnchorMax: {x: 0.5, y: 0.5}
  m_AnchoredPosition: {x: 0, y: -0.67}
  m_SizeDelta: {x: 3, y: 3}
  m_Pivot: {x: 0.5, y: 0.5}
--- !u!222 &1925408618563713457
CanvasRenderer:
  m_ObjectHideFlags: 0
  m_CorrespondingSourceObject: {fileID: 0}
  m_PrefabInstance: {fileID: 0}
  m_PrefabAsset: {fileID: 0}
  m_GameObject: {fileID: 1925408618563713460}
  m_CullTransparentMesh: 0
--- !u!114 &1925408618563713462
MonoBehaviour:
  m_ObjectHideFlags: 0
  m_CorrespondingSourceObject: {fileID: 0}
  m_PrefabInstance: {fileID: 0}
  m_PrefabAsset: {fileID: 0}
  m_GameObject: {fileID: 1925408618563713460}
  m_Enabled: 1
  m_EditorHideFlags: 0
  m_Script: {fileID: 11500000, guid: f4688fdb7df04437aeb418b961361dc5, type: 3}
  m_Name: 
  m_EditorClassIdentifier: 
  m_Material: {fileID: 0}
  m_Color: {r: 1, g: 1, b: 1, a: 1}
  m_RaycastTarget: 1
  m_OnCullStateChanged:
    m_PersistentCalls:
      m_Calls: []
  m_text: Km/h
  m_isRightToLeft: 0
  m_fontAsset: {fileID: 11400000, guid: 8f586378b4e144a9851e7b34d9b748ee, type: 2}
  m_sharedMaterial: {fileID: 2180264, guid: 8f586378b4e144a9851e7b34d9b748ee, type: 2}
  m_fontSharedMaterials: []
  m_fontMaterial: {fileID: 0}
  m_fontMaterials: []
  m_fontColor32:
    serializedVersion: 2
    rgba: 4278220490
  m_fontColor: {r: 0.7924528, g: 0.46373165, b: 0, a: 1}
  m_enableVertexGradient: 0
  m_colorMode: 3
  m_fontColorGradient:
    topLeft: {r: 1, g: 1, b: 1, a: 1}
    topRight: {r: 1, g: 1, b: 1, a: 1}
    bottomLeft: {r: 1, g: 1, b: 1, a: 1}
    bottomRight: {r: 1, g: 1, b: 1, a: 1}
  m_fontColorGradientPreset: {fileID: 0}
  m_spriteAsset: {fileID: 0}
  m_tintAllSprites: 0
  m_overrideHtmlColors: 0
  m_faceColor:
    serializedVersion: 2
    rgba: 4294967295
  m_outlineColor:
    serializedVersion: 2
    rgba: 4278190080
  m_fontSize: 0.8
  m_fontSizeBase: 0.8
  m_fontWeight: 400
  m_enableAutoSizing: 0
  m_fontSizeMin: 18
  m_fontSizeMax: 72
  m_fontStyle: 0
  m_textAlignment: 514
  m_characterSpacing: 0
  m_wordSpacing: 0
  m_lineSpacing: 0
  m_lineSpacingMax: 0
  m_paragraphSpacing: 0
  m_charWidthMaxAdj: 0
  m_enableWordWrapping: 1
  m_wordWrappingRatios: 0.4
  m_overflowMode: 0
  m_firstOverflowCharacterIndex: -1
  m_linkedTextComponent: {fileID: 0}
  m_isLinkedTextComponent: 0
  m_isTextTruncated: 0
  m_enableKerning: 1
  m_enableExtraPadding: 0
  checkPaddingRequired: 0
  m_isRichText: 1
  m_parseCtrlCharacters: 1
  m_isOrthographic: 1
  m_isCullingEnabled: 0
  m_ignoreRectMaskCulling: 0
  m_ignoreCulling: 1
  m_horizontalMapping: 0
  m_verticalMapping: 0
  m_uvLineOffset: 0
  m_geometrySortingOrder: 0
  m_VertexBufferAutoSizeReduction: 1
  m_firstVisibleCharacter: 0
  m_useMaxVisibleDescender: 1
  m_pageToDisplay: 1
  m_margin: {x: 0, y: 0, z: 0, w: 0}
  m_textInfo:
    textComponent: {fileID: 1925408618563713462}
    characterCount: 4
    spriteCount: 0
    spaceCount: 0
    wordCount: 2
    linkCount: 0
    lineCount: 1
    pageCount: 1
    materialCount: 1
  m_isUsingLegacyAnimationComponent: 0
  m_isVolumetricText: 0
  m_spriteAnimator: {fileID: 0}
  m_hasFontAssetChanged: 0
  m_subTextObjects:
  - {fileID: 0}
  - {fileID: 0}
  - {fileID: 0}
  - {fileID: 0}
  - {fileID: 0}
  - {fileID: 0}
  - {fileID: 0}
  - {fileID: 0}
  m_baseMaterial: {fileID: 0}
  m_maskOffset: {x: 0, y: 0, z: 0, w: 0}
--- !u!1 &1925408618611459987
GameObject:
  m_ObjectHideFlags: 0
  m_CorrespondingSourceObject: {fileID: 0}
  m_PrefabInstance: {fileID: 0}
  m_PrefabAsset: {fileID: 0}
  serializedVersion: 6
  m_Component:
  - component: {fileID: 1925408618611459986}
  m_Layer: 0
  m_Name: Hook
  m_TagString: Untagged
  m_Icon: {fileID: 0}
  m_NavMeshLayer: 0
  m_StaticEditorFlags: 0
  m_IsActive: 1
--- !u!4 &1925408618611459986
Transform:
  m_ObjectHideFlags: 0
  m_CorrespondingSourceObject: {fileID: 0}
  m_PrefabInstance: {fileID: 0}
  m_PrefabAsset: {fileID: 0}
  m_GameObject: {fileID: 1925408618611459987}
  m_LocalRotation: {x: -0, y: -0.00000003650543, z: -0.000000074687556, w: 1}
  m_LocalPosition: {x: 0, y: 0, z: 0}
  m_LocalScale: {x: 0.50000006, y: 0.49999994, z: 0.50000006}
  m_Children: []
  m_Father: {fileID: 1925408617230336971}
  m_RootOrder: 0
  m_LocalEulerAnglesHint: {x: 0, y: 0, z: 0}
--- !u!1001 &1925408617496026436
PrefabInstance:
  m_ObjectHideFlags: 0
  serializedVersion: 2
  m_Modification:
    m_TransformParent: {fileID: 1925408617230336971}
    m_Modifications:
    - target: {fileID: 191114, guid: 834c99069a124aa439d5795c3579843b, type: 3}
      propertyPath: m_Name
      value: RightDirtSplatter
      objectReference: {fileID: 0}
    - target: {fileID: 421170, guid: 834c99069a124aa439d5795c3579843b, type: 3}
      propertyPath: m_LocalPosition.x
      value: 0.38
      objectReference: {fileID: 0}
    - target: {fileID: 421170, guid: 834c99069a124aa439d5795c3579843b, type: 3}
      propertyPath: m_LocalPosition.y
      value: -0.46
      objectReference: {fileID: 0}
    - target: {fileID: 421170, guid: 834c99069a124aa439d5795c3579843b, type: 3}
      propertyPath: m_LocalPosition.z
      value: -0.5
      objectReference: {fileID: 0}
    - target: {fileID: 421170, guid: 834c99069a124aa439d5795c3579843b, type: 3}
      propertyPath: m_LocalRotation.x
      value: -0.56674033
      objectReference: {fileID: 0}
    - target: {fileID: 421170, guid: 834c99069a124aa439d5795c3579843b, type: 3}
      propertyPath: m_LocalRotation.y
      value: 0.56674033
      objectReference: {fileID: 0}
    - target: {fileID: 421170, guid: 834c99069a124aa439d5795c3579843b, type: 3}
      propertyPath: m_LocalRotation.z
      value: 0.42285383
      objectReference: {fileID: 0}
    - target: {fileID: 421170, guid: 834c99069a124aa439d5795c3579843b, type: 3}
      propertyPath: m_LocalRotation.w
      value: 0.42285383
      objectReference: {fileID: 0}
    - target: {fileID: 421170, guid: 834c99069a124aa439d5795c3579843b, type: 3}
      propertyPath: m_RootOrder
      value: 2
      objectReference: {fileID: 0}
    - target: {fileID: 421170, guid: 834c99069a124aa439d5795c3579843b, type: 3}
      propertyPath: m_LocalEulerAnglesHint.x
      value: -106.546
      objectReference: {fileID: 0}
    - target: {fileID: 421170, guid: 834c99069a124aa439d5795c3579843b, type: 3}
      propertyPath: m_LocalEulerAnglesHint.y
      value: 0
      objectReference: {fileID: 0}
    - target: {fileID: 421170, guid: 834c99069a124aa439d5795c3579843b, type: 3}
      propertyPath: m_LocalEulerAnglesHint.z
      value: 89.99999
      objectReference: {fileID: 0}
    - target: {fileID: 421170, guid: 834c99069a124aa439d5795c3579843b, type: 3}
      propertyPath: m_LocalScale.x
      value: 0.4
      objectReference: {fileID: 0}
    - target: {fileID: 421170, guid: 834c99069a124aa439d5795c3579843b, type: 3}
      propertyPath: m_LocalScale.y
      value: 0.40000004
      objectReference: {fileID: 0}
    - target: {fileID: 421170, guid: 834c99069a124aa439d5795c3579843b, type: 3}
      propertyPath: m_LocalScale.z
      value: 0.40000004
      objectReference: {fileID: 0}
    - target: {fileID: 19801442, guid: 834c99069a124aa439d5795c3579843b, type: 3}
      propertyPath: EmissionModule.rateOverTime.scalar
      value: 30
      objectReference: {fileID: 0}
    - target: {fileID: 19801442, guid: 834c99069a124aa439d5795c3579843b, type: 3}
      propertyPath: ShapeModule.type
      value: 18
      objectReference: {fileID: 0}
    - target: {fileID: 19801442, guid: 834c99069a124aa439d5795c3579843b, type: 3}
      propertyPath: InitialModule.startLifetime.scalar
      value: 0.5
      objectReference: {fileID: 0}
    - target: {fileID: 19801442, guid: 834c99069a124aa439d5795c3579843b, type: 3}
      propertyPath: ShapeModule.radiusThickness
      value: 1
      objectReference: {fileID: 0}
    m_RemovedComponents: []
  m_SourcePrefab: {fileID: 100100000, guid: 834c99069a124aa439d5795c3579843b, type: 3}
--- !u!4 &1925408617496178806 stripped
Transform:
  m_CorrespondingSourceObject: {fileID: 421170, guid: 834c99069a124aa439d5795c3579843b,
    type: 3}
  m_PrefabInstance: {fileID: 1925408617496026436}
  m_PrefabAsset: {fileID: 0}
--- !u!198 &1925408617482008614 stripped
ParticleSystem:
  m_CorrespondingSourceObject: {fileID: 19801442, guid: 834c99069a124aa439d5795c3579843b,
    type: 3}
  m_PrefabInstance: {fileID: 1925408617496026436}
  m_PrefabAsset: {fileID: 0}
--- !u!1001 &1925408617506102755
PrefabInstance:
  m_ObjectHideFlags: 0
  serializedVersion: 2
  m_Modification:
    m_TransformParent: {fileID: 1925408617230336971}
    m_Modifications:
    - target: {fileID: 191114, guid: 834c99069a124aa439d5795c3579843b, type: 3}
      propertyPath: m_Name
      value: LeftWallDirtSplatter
      objectReference: {fileID: 0}
    - target: {fileID: 421170, guid: 834c99069a124aa439d5795c3579843b, type: 3}
      propertyPath: m_LocalPosition.x
      value: -0.468
      objectReference: {fileID: 0}
    - target: {fileID: 421170, guid: 834c99069a124aa439d5795c3579843b, type: 3}
      propertyPath: m_LocalPosition.y
      value: -0.20900002
      objectReference: {fileID: 0}
    - target: {fileID: 421170, guid: 834c99069a124aa439d5795c3579843b, type: 3}
      propertyPath: m_LocalPosition.z
      value: -0.571
      objectReference: {fileID: 0}
    - target: {fileID: 421170, guid: 834c99069a124aa439d5795c3579843b, type: 3}
      propertyPath: m_LocalRotation.x
      value: -0
      objectReference: {fileID: 0}
    - target: {fileID: 421170, guid: 834c99069a124aa439d5795c3579843b, type: 3}
      propertyPath: m_LocalRotation.y
      value: 0.86708146
      objectReference: {fileID: 0}
    - target: {fileID: 421170, guid: 834c99069a124aa439d5795c3579843b, type: 3}
      propertyPath: m_LocalRotation.z
      value: -0
      objectReference: {fileID: 0}
    - target: {fileID: 421170, guid: 834c99069a124aa439d5795c3579843b, type: 3}
      propertyPath: m_LocalRotation.w
      value: 0.49816638
      objectReference: {fileID: 0}
    - target: {fileID: 421170, guid: 834c99069a124aa439d5795c3579843b, type: 3}
      propertyPath: m_RootOrder
      value: 4
      objectReference: {fileID: 0}
    - target: {fileID: 421170, guid: 834c99069a124aa439d5795c3579843b, type: 3}
      propertyPath: m_LocalEulerAnglesHint.x
      value: 0
      objectReference: {fileID: 0}
    - target: {fileID: 421170, guid: 834c99069a124aa439d5795c3579843b, type: 3}
      propertyPath: m_LocalEulerAnglesHint.y
      value: 120.242004
      objectReference: {fileID: 0}
    - target: {fileID: 421170, guid: 834c99069a124aa439d5795c3579843b, type: 3}
      propertyPath: m_LocalEulerAnglesHint.z
      value: 0
      objectReference: {fileID: 0}
    - target: {fileID: 421170, guid: 834c99069a124aa439d5795c3579843b, type: 3}
      propertyPath: m_LocalScale.x
      value: 0.4
      objectReference: {fileID: 0}
    - target: {fileID: 421170, guid: 834c99069a124aa439d5795c3579843b, type: 3}
      propertyPath: m_LocalScale.y
      value: 0.40000004
      objectReference: {fileID: 0}
    - target: {fileID: 421170, guid: 834c99069a124aa439d5795c3579843b, type: 3}
      propertyPath: m_LocalScale.z
      value: 0.40000004
      objectReference: {fileID: 0}
    - target: {fileID: 19801442, guid: 834c99069a124aa439d5795c3579843b, type: 3}
      propertyPath: EmissionModule.rateOverTime.scalar
      value: 30
      objectReference: {fileID: 0}
    - target: {fileID: 19801442, guid: 834c99069a124aa439d5795c3579843b, type: 3}
      propertyPath: ShapeModule.type
      value: 18
      objectReference: {fileID: 0}
    - target: {fileID: 19801442, guid: 834c99069a124aa439d5795c3579843b, type: 3}
      propertyPath: InitialModule.startLifetime.scalar
      value: 0.5
      objectReference: {fileID: 0}
    - target: {fileID: 19801442, guid: 834c99069a124aa439d5795c3579843b, type: 3}
      propertyPath: ShapeModule.radiusThickness
      value: 1
      objectReference: {fileID: 0}
    m_RemovedComponents: []
  m_SourcePrefab: {fileID: 100100000, guid: 834c99069a124aa439d5795c3579843b, type: 3}
--- !u!4 &1925408617505960145 stripped
Transform:
  m_CorrespondingSourceObject: {fileID: 421170, guid: 834c99069a124aa439d5795c3579843b,
    type: 3}
  m_PrefabInstance: {fileID: 1925408617506102755}
  m_PrefabAsset: {fileID: 0}
--- !u!198 &1925408617486579841 stripped
ParticleSystem:
  m_CorrespondingSourceObject: {fileID: 19801442, guid: 834c99069a124aa439d5795c3579843b,
    type: 3}
  m_PrefabInstance: {fileID: 1925408617506102755}
  m_PrefabAsset: {fileID: 0}
--- !u!1001 &1925408617533507244
PrefabInstance:
  m_ObjectHideFlags: 0
  serializedVersion: 2
  m_Modification:
    m_TransformParent: {fileID: 1925408617230336971}
    m_Modifications:
    - target: {fileID: 191114, guid: 834c99069a124aa439d5795c3579843b, type: 3}
      propertyPath: m_Name
      value: RightWallDirtSplatter
      objectReference: {fileID: 0}
    - target: {fileID: 421170, guid: 834c99069a124aa439d5795c3579843b, type: 3}
      propertyPath: m_LocalPosition.x
      value: 0.484
      objectReference: {fileID: 0}
    - target: {fileID: 421170, guid: 834c99069a124aa439d5795c3579843b, type: 3}
      propertyPath: m_LocalPosition.y
      value: -0.20900002
      objectReference: {fileID: 0}
    - target: {fileID: 421170, guid: 834c99069a124aa439d5795c3579843b, type: 3}
      propertyPath: m_LocalPosition.z
      value: -0.486
      objectReference: {fileID: 0}
    - target: {fileID: 421170, guid: 834c99069a124aa439d5795c3579843b, type: 3}
      propertyPath: m_LocalRotation.x
      value: -0
      objectReference: {fileID: 0}
    - target: {fileID: 421170, guid: 834c99069a124aa439d5795c3579843b, type: 3}
      propertyPath: m_LocalRotation.y
      value: 0.9020989
      objectReference: {fileID: 0}
    - target: {fileID: 421170, guid: 834c99069a124aa439d5795c3579843b, type: 3}
      propertyPath: m_LocalRotation.z
      value: -0
      objectReference: {fileID: 0}
    - target: {fileID: 421170, guid: 834c99069a124aa439d5795c3579843b, type: 3}
      propertyPath: m_LocalRotation.w
      value: 0.43152943
      objectReference: {fileID: 0}
    - target: {fileID: 421170, guid: 834c99069a124aa439d5795c3579843b, type: 3}
      propertyPath: m_RootOrder
      value: 3
      objectReference: {fileID: 0}
    - target: {fileID: 421170, guid: 834c99069a124aa439d5795c3579843b, type: 3}
      propertyPath: m_LocalEulerAnglesHint.x
      value: 0
      objectReference: {fileID: 0}
    - target: {fileID: 421170, guid: 834c99069a124aa439d5795c3579843b, type: 3}
      propertyPath: m_LocalEulerAnglesHint.y
      value: 128.871
      objectReference: {fileID: 0}
    - target: {fileID: 421170, guid: 834c99069a124aa439d5795c3579843b, type: 3}
      propertyPath: m_LocalEulerAnglesHint.z
      value: 0
      objectReference: {fileID: 0}
    - target: {fileID: 421170, guid: 834c99069a124aa439d5795c3579843b, type: 3}
      propertyPath: m_LocalScale.x
      value: 0.4
      objectReference: {fileID: 0}
    - target: {fileID: 421170, guid: 834c99069a124aa439d5795c3579843b, type: 3}
      propertyPath: m_LocalScale.y
      value: 0.40000004
      objectReference: {fileID: 0}
    - target: {fileID: 421170, guid: 834c99069a124aa439d5795c3579843b, type: 3}
      propertyPath: m_LocalScale.z
      value: 0.40000004
      objectReference: {fileID: 0}
    - target: {fileID: 19801442, guid: 834c99069a124aa439d5795c3579843b, type: 3}
      propertyPath: EmissionModule.rateOverTime.scalar
      value: 30
      objectReference: {fileID: 0}
    - target: {fileID: 19801442, guid: 834c99069a124aa439d5795c3579843b, type: 3}
      propertyPath: ShapeModule.type
      value: 18
      objectReference: {fileID: 0}
    - target: {fileID: 19801442, guid: 834c99069a124aa439d5795c3579843b, type: 3}
      propertyPath: InitialModule.startLifetime.scalar
      value: 0.5
      objectReference: {fileID: 0}
    - target: {fileID: 19801442, guid: 834c99069a124aa439d5795c3579843b, type: 3}
      propertyPath: ShapeModule.radiusThickness
      value: 1
      objectReference: {fileID: 0}
    m_RemovedComponents: []
  m_SourcePrefab: {fileID: 100100000, guid: 834c99069a124aa439d5795c3579843b, type: 3}
--- !u!198 &1925408617517917134 stripped
ParticleSystem:
  m_CorrespondingSourceObject: {fileID: 19801442, guid: 834c99069a124aa439d5795c3579843b,
    type: 3}
  m_PrefabInstance: {fileID: 1925408617533507244}
  m_PrefabAsset: {fileID: 0}
--- !u!4 &1925408617533139870 stripped
Transform:
  m_CorrespondingSourceObject: {fileID: 421170, guid: 834c99069a124aa439d5795c3579843b,
    type: 3}
  m_PrefabInstance: {fileID: 1925408617533507244}
  m_PrefabAsset: {fileID: 0}
--- !u!1001 &1925408618008322354
PrefabInstance:
  m_ObjectHideFlags: 0
  serializedVersion: 2
  m_Modification:
    m_TransformParent: {fileID: 1925408617230336971}
    m_Modifications:
    - target: {fileID: 120410, guid: 6636b3078b0905e489f698a11b7a6b6b, type: 3}
      propertyPath: m_Name
      value: HookBegin
      objectReference: {fileID: 0}
    - target: {fileID: 444372, guid: 6636b3078b0905e489f698a11b7a6b6b, type: 3}
      propertyPath: m_LocalPosition.x
      value: 0.024
      objectReference: {fileID: 0}
    - target: {fileID: 444372, guid: 6636b3078b0905e489f698a11b7a6b6b, type: 3}
      propertyPath: m_LocalPosition.y
      value: 0.22000003
      objectReference: {fileID: 0}
    - target: {fileID: 444372, guid: 6636b3078b0905e489f698a11b7a6b6b, type: 3}
      propertyPath: m_LocalPosition.z
      value: -0.48664552
      objectReference: {fileID: 0}
    - target: {fileID: 444372, guid: 6636b3078b0905e489f698a11b7a6b6b, type: 3}
      propertyPath: m_LocalRotation.x
      value: -0
      objectReference: {fileID: 0}
    - target: {fileID: 444372, guid: 6636b3078b0905e489f698a11b7a6b6b, type: 3}
      propertyPath: m_LocalRotation.y
      value: -0
      objectReference: {fileID: 0}
    - target: {fileID: 444372, guid: 6636b3078b0905e489f698a11b7a6b6b, type: 3}
      propertyPath: m_LocalRotation.z
      value: -0
      objectReference: {fileID: 0}
    - target: {fileID: 444372, guid: 6636b3078b0905e489f698a11b7a6b6b, type: 3}
      propertyPath: m_LocalRotation.w
      value: 1
      objectReference: {fileID: 0}
    - target: {fileID: 444372, guid: 6636b3078b0905e489f698a11b7a6b6b, type: 3}
      propertyPath: m_RootOrder
      value: 5
      objectReference: {fileID: 0}
    - target: {fileID: 444372, guid: 6636b3078b0905e489f698a11b7a6b6b, type: 3}
      propertyPath: m_LocalEulerAnglesHint.x
      value: 0
      objectReference: {fileID: 0}
    - target: {fileID: 444372, guid: 6636b3078b0905e489f698a11b7a6b6b, type: 3}
      propertyPath: m_LocalEulerAnglesHint.y
      value: 0
      objectReference: {fileID: 0}
    - target: {fileID: 444372, guid: 6636b3078b0905e489f698a11b7a6b6b, type: 3}
      propertyPath: m_LocalEulerAnglesHint.z
      value: 0
      objectReference: {fileID: 0}
    - target: {fileID: 444372, guid: 6636b3078b0905e489f698a11b7a6b6b, type: 3}
      propertyPath: m_LocalScale.x
      value: 0.4
      objectReference: {fileID: 0}
    - target: {fileID: 444372, guid: 6636b3078b0905e489f698a11b7a6b6b, type: 3}
      propertyPath: m_LocalScale.y
      value: 0.4
      objectReference: {fileID: 0}
    - target: {fileID: 444372, guid: 6636b3078b0905e489f698a11b7a6b6b, type: 3}
      propertyPath: m_LocalScale.z
      value: 0.4
      objectReference: {fileID: 0}
    m_RemovedComponents: []
  m_SourcePrefab: {fileID: 100100000, guid: 6636b3078b0905e489f698a11b7a6b6b, type: 3}
--- !u!4 &1925408618008176358 stripped
Transform:
  m_CorrespondingSourceObject: {fileID: 444372, guid: 6636b3078b0905e489f698a11b7a6b6b,
    type: 3}
  m_PrefabInstance: {fileID: 1925408618008322354}
  m_PrefabAsset: {fileID: 0}
--- !u!198 &1925408617993007008 stripped
ParticleSystem:
  m_CorrespondingSourceObject: {fileID: 19811986, guid: 6636b3078b0905e489f698a11b7a6b6b,
    type: 3}
  m_PrefabInstance: {fileID: 1925408618008322354}
  m_PrefabAsset: {fileID: 0}
--- !u!1001 &1925408618099760631
PrefabInstance:
  m_ObjectHideFlags: 0
  serializedVersion: 2
  m_Modification:
    m_TransformParent: {fileID: 1925408617230336971}
    m_Modifications:
    - target: {fileID: 191114, guid: 834c99069a124aa439d5795c3579843b, type: 3}
      propertyPath: m_Name
      value: LeftDirtSplatter
      objectReference: {fileID: 0}
    - target: {fileID: 421170, guid: 834c99069a124aa439d5795c3579843b, type: 3}
      propertyPath: m_LocalPosition.x
      value: -0.42
      objectReference: {fileID: 0}
    - target: {fileID: 421170, guid: 834c99069a124aa439d5795c3579843b, type: 3}
      propertyPath: m_LocalPosition.y
      value: -0.46
      objectReference: {fileID: 0}
    - target: {fileID: 421170, guid: 834c99069a124aa439d5795c3579843b, type: 3}
      propertyPath: m_LocalPosition.z
      value: -0.5
      objectReference: {fileID: 0}
    - target: {fileID: 421170, guid: 834c99069a124aa439d5795c3579843b, type: 3}
      propertyPath: m_LocalRotation.x
      value: -0.56674033
      objectReference: {fileID: 0}
    - target: {fileID: 421170, guid: 834c99069a124aa439d5795c3579843b, type: 3}
      propertyPath: m_LocalRotation.y
      value: 0.56674033
      objectReference: {fileID: 0}
    - target: {fileID: 421170, guid: 834c99069a124aa439d5795c3579843b, type: 3}
      propertyPath: m_LocalRotation.z
      value: 0.42285383
      objectReference: {fileID: 0}
    - target: {fileID: 421170, guid: 834c99069a124aa439d5795c3579843b, type: 3}
      propertyPath: m_LocalRotation.w
      value: 0.42285383
      objectReference: {fileID: 0}
    - target: {fileID: 421170, guid: 834c99069a124aa439d5795c3579843b, type: 3}
      propertyPath: m_RootOrder
      value: 1
      objectReference: {fileID: 0}
    - target: {fileID: 421170, guid: 834c99069a124aa439d5795c3579843b, type: 3}
      propertyPath: m_LocalEulerAnglesHint.x
      value: -106.546
      objectReference: {fileID: 0}
    - target: {fileID: 421170, guid: 834c99069a124aa439d5795c3579843b, type: 3}
      propertyPath: m_LocalEulerAnglesHint.y
      value: 0
      objectReference: {fileID: 0}
    - target: {fileID: 421170, guid: 834c99069a124aa439d5795c3579843b, type: 3}
      propertyPath: m_LocalEulerAnglesHint.z
      value: 89.99999
      objectReference: {fileID: 0}
    - target: {fileID: 421170, guid: 834c99069a124aa439d5795c3579843b, type: 3}
      propertyPath: m_LocalScale.x
      value: 0.4
      objectReference: {fileID: 0}
    - target: {fileID: 421170, guid: 834c99069a124aa439d5795c3579843b, type: 3}
      propertyPath: m_LocalScale.y
      value: 0.40000004
      objectReference: {fileID: 0}
    - target: {fileID: 421170, guid: 834c99069a124aa439d5795c3579843b, type: 3}
      propertyPath: m_LocalScale.z
      value: 0.40000004
      objectReference: {fileID: 0}
    - target: {fileID: 19801442, guid: 834c99069a124aa439d5795c3579843b, type: 3}
      propertyPath: EmissionModule.rateOverTime.scalar
      value: 30
      objectReference: {fileID: 0}
    - target: {fileID: 19801442, guid: 834c99069a124aa439d5795c3579843b, type: 3}
      propertyPath: ShapeModule.type
      value: 18
      objectReference: {fileID: 0}
    - target: {fileID: 19801442, guid: 834c99069a124aa439d5795c3579843b, type: 3}
      propertyPath: InitialModule.startLifetime.scalar
      value: 0.5
      objectReference: {fileID: 0}
    - target: {fileID: 19801442, guid: 834c99069a124aa439d5795c3579843b, type: 3}
      propertyPath: ShapeModule.radiusThickness
      value: 1
      objectReference: {fileID: 0}
    m_RemovedComponents: []
  m_SourcePrefab: {fileID: 100100000, guid: 834c99069a124aa439d5795c3579843b, type: 3}
--- !u!198 &1925408618084169877 stripped
ParticleSystem:
  m_CorrespondingSourceObject: {fileID: 19801442, guid: 834c99069a124aa439d5795c3579843b,
    type: 3}
  m_PrefabInstance: {fileID: 1925408618099760631}
  m_PrefabAsset: {fileID: 0}
--- !u!4 &1925408618099355845 stripped
Transform:
  m_CorrespondingSourceObject: {fileID: 421170, guid: 834c99069a124aa439d5795c3579843b,
    type: 3}
  m_PrefabInstance: {fileID: 1925408618099760631}
  m_PrefabAsset: {fileID: 0}
--- !u!1001 &1925408618430241788
PrefabInstance:
  m_ObjectHideFlags: 0
  serializedVersion: 2
  m_Modification:
    m_TransformParent: {fileID: 1925408617230336971}
    m_Modifications:
    - target: {fileID: 168542, guid: 5702e2a6fea804b45b49b70d8feaf7ae, type: 3}
      propertyPath: m_Name
      value: DeathExplosion
      objectReference: {fileID: 0}
    - target: {fileID: 441502, guid: 5702e2a6fea804b45b49b70d8feaf7ae, type: 3}
      propertyPath: m_LocalPosition.x
      value: -0.17
      objectReference: {fileID: 0}
    - target: {fileID: 441502, guid: 5702e2a6fea804b45b49b70d8feaf7ae, type: 3}
      propertyPath: m_LocalPosition.y
      value: -0.364
      objectReference: {fileID: 0}
    - target: {fileID: 441502, guid: 5702e2a6fea804b45b49b70d8feaf7ae, type: 3}
      propertyPath: m_LocalPosition.z
      value: 0.06
      objectReference: {fileID: 0}
    - target: {fileID: 441502, guid: 5702e2a6fea804b45b49b70d8feaf7ae, type: 3}
      propertyPath: m_LocalRotation.x
      value: -0
      objectReference: {fileID: 0}
    - target: {fileID: 441502, guid: 5702e2a6fea804b45b49b70d8feaf7ae, type: 3}
      propertyPath: m_LocalRotation.y
      value: -0
      objectReference: {fileID: 0}
    - target: {fileID: 441502, guid: 5702e2a6fea804b45b49b70d8feaf7ae, type: 3}
      propertyPath: m_LocalRotation.z
      value: -0
      objectReference: {fileID: 0}
    - target: {fileID: 441502, guid: 5702e2a6fea804b45b49b70d8feaf7ae, type: 3}
      propertyPath: m_LocalRotation.w
      value: 1
      objectReference: {fileID: 0}
    - target: {fileID: 441502, guid: 5702e2a6fea804b45b49b70d8feaf7ae, type: 3}
      propertyPath: m_RootOrder
      value: 7
      objectReference: {fileID: 0}
    - target: {fileID: 441502, guid: 5702e2a6fea804b45b49b70d8feaf7ae, type: 3}
      propertyPath: m_LocalEulerAnglesHint.x
      value: 0
      objectReference: {fileID: 0}
    - target: {fileID: 441502, guid: 5702e2a6fea804b45b49b70d8feaf7ae, type: 3}
      propertyPath: m_LocalEulerAnglesHint.y
      value: 0
      objectReference: {fileID: 0}
    - target: {fileID: 441502, guid: 5702e2a6fea804b45b49b70d8feaf7ae, type: 3}
      propertyPath: m_LocalEulerAnglesHint.z
      value: 0
      objectReference: {fileID: 0}
    - target: {fileID: 441502, guid: 5702e2a6fea804b45b49b70d8feaf7ae, type: 3}
      propertyPath: m_LocalScale.x
      value: 0.4
      objectReference: {fileID: 0}
    - target: {fileID: 441502, guid: 5702e2a6fea804b45b49b70d8feaf7ae, type: 3}
      propertyPath: m_LocalScale.y
      value: 0.4
      objectReference: {fileID: 0}
    - target: {fileID: 441502, guid: 5702e2a6fea804b45b49b70d8feaf7ae, type: 3}
      propertyPath: m_LocalScale.z
      value: 0.4
      objectReference: {fileID: 0}
    m_RemovedComponents: []
  m_SourcePrefab: {fileID: 100100000, guid: 5702e2a6fea804b45b49b70d8feaf7ae, type: 3}
--- !u!4 &1925408618430343010 stripped
Transform:
  m_CorrespondingSourceObject: {fileID: 441502, guid: 5702e2a6fea804b45b49b70d8feaf7ae,
    type: 3}
  m_PrefabInstance: {fileID: 1925408618430241788}
  m_PrefabAsset: {fileID: 0}
--- !u!198 &1925408618416303060 stripped
ParticleSystem:
  m_CorrespondingSourceObject: {fileID: 19886120, guid: 5702e2a6fea804b45b49b70d8feaf7ae,
    type: 3}
  m_PrefabInstance: {fileID: 1925408618430241788}
  m_PrefabAsset: {fileID: 0}
